 Dungeon Crawl Stone Soup version 0.21-a0-153-g78480df (webtiles) character file.

103 tilp the Firebug (level 4, -2/33 HPs)
             Began as a Hill Orc Fire Elementalist on July 31, 2017.
             Slain by Crazy Yiuf
             ... wielding a +2 quarterstaff of chaos
              (6 damage)
             ... on level 2 of the Dungeon.
             The game lasted 00:08:36 (3223 turns).

tilp the Firebug (Hill Orc Fire Elementalist)       Turns: 3223, Time: 00:08:37

Health: -2/33      AC:  4    Str: 10    XL:     4   Next: 79%
Magic:  0/7        EV: 12    Int: 16    God:
Gold:   129        SH:  0    Dex: 11    Spells: 2/8 levels left

rFire    . . .     SeeInvis .   n - +0 dagger (holy)
rCold    . . .     Gourm    .   (no shield)
rNeg     . . .     Faith    .   a - +0 robe
rPois    .         Spirit   .   p - +1 helmet
rElec    .         Reflect  .   (no cloak)
rCorr    .         Harm     .   (no gloves)
MR       .....                  (no boots)
Stlth    ++........             (no amulet)
HPRegen  0.11/turn              g - ring of wizardry
MPRegen  0.10/turn              (no ring)

@: no status effects
A: no striking features
a: no special abilities


You were on level 2 of the Dungeon.
You were not hungry.

You visited 1 branch of the dungeon, and saw 2 of its levels.

You collected 129 gold pieces.

Inventory:

Hand Weapons
 n - a +0 dagger of holy wrath (weapon)
Missiles
 k - 63 stones (quivered)
Armour
 a - a +0 robe (worn)
 p - a +1 helmet (worn)
Jewellery
 g - a ring of wizardry (left hand)
Scrolls
 d - a scroll of teleportation {unknown}
 e - 2 scrolls of remove curse {unknown}
 j - a scroll of amnesia {unknown}
Potions
 f - a potion of heal wounds {unknown}
 h - a potion of mutation {unknown}
 l - a potion of berserk rage {unknown}
 m - a potion of curing {unknown}
Books
 b - a book of Flames

   Spells                             Type                      Level
   a - Flame Tongue                   Conjuration/Fire             1
   b - Throw Flame                    Conjuration/Fire             2
   c - Conjure Flame                  Conjuration/Fire             3
   d - Inner Flame                    Hexes/Fire                   3
   e - Sticky Flame                   Conjuration/Fire             4
   f - Fireball                       Conjuration/Fire             5
Comestibles
 c - 2 bread rations
 i - a meat ration


   Skills:
 - Level 1.5 Dodging
 - Level 1.5 Stealth
 - Level 2.6 Spellcasting
 + Level 3.1 Conjurations
 + Level 3.5 Fire Magic


You had 2 spell levels left.
You knew the following spells:

 Your Spells              Type           Power        Failure   Level  Hunger
a - Flame Tongue          Conj/Fire      ##...        1%          1    #......
b - Throw Flame           Conj/Fire      ##....       3%          2    ##.....
c - Conjure Flame         Conj/Fire      ##......     6%          3    ###....


Dungeon Overview and Level Annotations

Branches:
Dungeon (2/15)

Altars:

Annotations:
D:2 Crazy Yiuf


Message History

Crazy Yiuf is heavily wounded.
Crazy Yiuf says, "Crazy?
Crazy!?
PORCUPINE!"
Crazy Yiuf hits you with a quarterstaff of chaos.
You hit Crazy Yiuf.
Crazy Yiuf is heavily wounded.
Crazy Yiuf hits you with a quarterstaff of chaos!
You completely miss Crazy Yiuf.
Crazy Yiuf is heavily wounded.
Crazy Yiuf misses you.
You hit Crazy Yiuf.
Crazy Yiuf is severely wounded.
Crazy Yiuf hits you with a quarterstaff of chaos!
* * * LOW HITPOINT WARNING * * *
Crazy Yiuf freezes you.
* * * LOW HITPOINT WARNING * * *
You closely miss Crazy Yiuf.
Crazy Yiuf is severely wounded.
Crazy Yiuf yells, "You!"
Crazy Yiuf hits you with a quarterstaff of chaos.
You die...

####.....## ##..##
###.# ##...## #....#
#.# ##.## ♣....♣ #.#
#.# ♣...♣♣ #.# #.#
♣♣.♣♣ #.# #.# ♣.♣♣
##.# #.##### ♣♣.♣
#..# #.....# ♣.♣♣
#### #### #######
♣♣@♣ ...# #g# ####
##.# ... #..# #.#
#...# ##.# #.# #..)#
#.# #.# ##### #.#
##.# #.#
...########### ###
#.#
.............####.##
#.#


You could see Crazy Yiuf.

Vanquished Creatures
  Robin (D:2)
  An adder (D:2)
  3 gnolls (D:2)
  An ooze (D:2)
  2 dart slugs
  A ball python (D:1)
  A giant cockroach (D:2)
  11 goblins
  6 hobgoblins
  6 bats
  4 frilled lizards
  5 kobolds
  7 rats
49 creatures vanquished.

Notes
Turn   | Place    | Note
-------+----------+-------------------------------------------
     0 | D:1      | tilp the Hill Orc Fire Elementalist began the quest for the Orb.
     0 | D:1      | Reached XP level 1. HP: 14/14 MP: 3/3
   246 | D:1      | Reached XP level 2. HP: 20/20 MP: 3/5
   918 | D:2      | Reached XP level 3. HP: 13/26 MP: 0/6
  1243 | D:2      | Noticed Robin
  1683 | D:2      | Learned a level 2 spell: Throw Flame
  1687 | D:2      | Learned a level 3 spell: Conjure Flame
  1895 | D:2      | Killed Robin
  2034 | D:2      | Reached XP level 4. HP: 13/33 MP: 0/7
  2559 | D:2      | Found a runed door.
  3205 | D:2      | Noticed Crazy Yiuf
  3223 | D:2      | Slain by Crazy Yiuf

Vault maps used:
D:1:      grunt_arrival_lava_bath, minmay_door_square
D:2:      uniq_crazy_yiuf_cottage, uniq_robin

Skill      XL: |  1  2  3  4 |
---------------+-------------+-----
Spellcasting   | 2 |  2.6
Conjurations   | 2 3 |  3.1
Dodging        | |  1.5
Stealth        | |  1.5
Fire Magic     | |  3.5

Action                   |  1- 3 |  4- 6 || total
-------------------------+-------+-------++-------
Melee: Unarmed           |     7 |       ||     7
       Dagger            |    66 |    25 ||    91
Throw: Stone             |     3 |       ||     3
       Throwing net      |       |     1 ||     1
 Cast: Flame Tongue      |    50 |    26 ||    76
       Conjure Flame     |     1 |     1 ||     2
 Stab: Sleeping          |     2 |       ||     2
  Eat: Chunk             |     4 |     2 ||     6
       Meat ration       |       |     1 ||     1
Armor: Robe              |    25 |     5 ||    30
Dodge: Dodged            |    54 |    13 ||    67
